 Dungeon Crawl Stone Soup version 0.24-a0-459-g225fefd530 (webtiles) character file.

Game seed: 10456940152377008843

5480 Azzok the Cleaver (level 11, 0/75 HPs)
             Began as a Formicid Fighter on June 28, 2019.
             Succumbed to a hornet's poison
             ... on level 7 of the Dungeon.
             The game lasted 00:13:38 (8676 turns).

Azzok the Cleaver (Formicid Fighter)                Turns: 8676, Time: 00:13:39

Health: 0/75       AC: 12    Str: 24      XL:     11   Next: 0%
Magic:  13/14      EV:  6    Int:  8      God:
Gold:   457        SH: 11    Dex:  7 (10) Spells: 10/10 levels left

rFire    . . .     SeeInvis +   o - +1 rapier (venom)
rCold    . . .     Gourm    .   c - +0 shield
rNeg     . . .     Faith    .   t - +0 plate armour
rPois    .         Spirit   .   (helmet unavailable)
rElec    .         Reflect  .   (no cloak)
rCorr    .         Harm     .   (no gloves)
MR       +....                  (no boots)
Stlth    ..........             v - amulet of regeneration
HPRegen  0.62/turn              (no ring)
MPRegen  0.14/turn              (no ring)

@: lethally poisoned (0 -> -1), flying
A: permanent stasis, dig shafts and tunnels, four strong arms, antennae 3
a: Dig, Shaft Self


You were on level 7 of the Dungeon.
You were not hungry.

You visited 2 branches of the dungeon, and saw 9 of its levels.

You collected 457 gold pieces.

Inventory:

Hand Weapons
 a - a +0 war axe
 n - the cursed +0 glaive "Motzorch" {chop, rPois Stlth+}
   (You took it off an orc on level 4 of the Dungeon)

   It inflicts extra damage upon your enemies.
   It protects you from poison.
   It makes you more stealthy.
   It has a curse placed upon it.
 o - a +1 rapier of venom (weapon)
Armour
 c - a +0 shield (worn)
 t - a +0 plate armour (worn)
Jewellery
 v - an amulet of regeneration (around neck)
 y - a +3 ring of protection
 C - an uncursed ring of resist corrosion
Wands
 b - a wand of paralysis (3)
 d - a wand of random effects (22)
 u - a wand of disintegration (12)
 A - a wand of flame (25)
Scrolls
 e - a scroll of magic mapping {unknown}
 h - 3 scrolls of enchant weapon {unknown}
 j - 3 scrolls of fog
 l - 6 scrolls of remove curse
 m - a scroll of teleportation {unknown}
 q - a scroll of enchant armour {unknown}
 r - 2 scrolls of fear {unknown}
 w - a scroll of random uselessness {unknown}
 z - a scroll of identify
Potions
 g - 3 potions of flight
Miscellaneous
 B - a lightning rod (4/4)
Comestibles
 f - 9 rations
 x - 6 chunks of flesh


   Skills:
 - Level 3.2 Fighting
 + Level 12.7 Axes
 - Level 5.0 Armour
 - Level 9.0 Shields
 + Level 4.2 Evocations


You had 10 spell levels left.
You didn't know any spells.
Your spell library contained the following spells:

 Spells                   Type           Power        Failure   Level  Hunger
 Freeze                   Ice            #...         100%        1    ##.....
 Shock                    Conj/Air       #...         100%        1    ##.....
 Swiftness                Chrm/Air       #.......     100%        2    ###....
 Throw Frost              Conj/Ice       #.....       100%        2    ###....
 Ignite Poison            Fire/Tmut/Pois #.......     100%        3    ####...
 Ozocubu's Armour         Chrm/Ice       #.......     100%        3    ####...
 Static Discharge         Conj/Air       #.......     100%        3    ####...
 Airstrike                Air            #.........   100%        4    #####..
 Summon Ice Beast         Ice/Summ       #.......     100%        4    #####..
 Throw Icicle             Conj/Ice       #.......     100%        4    #####..
 Fireball                 Conj/Fire      #.........   100%        5    ######.
 Lightning Bolt           Conj/Air       #.........   100%        5    ######.
 Bolt of Fire             Conj/Fire      #.........   100%        6    #######
 Ring of Flames           Chrm/Fire      #.........   100%        7    #######
 Ignition                 Fire           #.........   100%        8    #######


Dungeon Overview and Level Annotations

Branches:
Dungeon (8/15)             Temple (1/1) D:5
   Lair: D:8-11

Altars:
Ashenzari
Cheibriados
Dithmenos
Elyvilon
Fedhas
Gozag
Hepliaklqana
Kikubaaqudgha
Makhleb
Nemelex Xobeh
Ru
Sif Muna
Trog
Uskayaw
Vehumet
Wu Jian
Xom
Yredelemnul
The Shining One

Shops:
D:8 %

Annotations:
D:7 2 transporters, Ijustatesigmund's ghost, novice OgAr


Innate Abilities, Weirdness & Mutations

You cannot be hasted, slowed, berserked, paralysed or teleported.
You can dig through walls and to a lower floor.
Your four strong arms can wield two-handed weapons with a shield.
You have a pair of large antennae on your head. (SInv)


Message History

Your Evocations skill increases to level 4!
You have reached level 11!
* * * LOW HITPOINT WARNING * * *
You feel sick.
Okay, then.
* * * LOW HITPOINT WARNING * * *
You feel sick.
* * * LOW HITPOINT WARNING * * *
You feel sick.
* * * LOW HITPOINT WARNING * * *
You feel sick.
* * * LOW HITPOINT WARNING * * *
You feel sick.
* * * LOW HITPOINT WARNING * * *
You feel sick.
* * * LOW HITPOINT WARNING * * *
You feel sick.
* * * LOW HITPOINT WARNING * * *
You feel sick.
You die...

▒▒▒▒▒▒··▒▒▒·······▒▒▒
▒··▒ ▒▒···)(···▒ ▒·▒▒
▒······(((( ▒▒·▒
▒▒··<·(····▒ ▒··▒
▒··········▒ ▒t·▒
▒··········▒ ▒··▒
▒▒·········· ▒▒·▒▒
▒·········· ▒@·▒
▒▒········· ▒··▒
▒········· ▒··▒
▒▒▒▒··▒▒▒▒ ▒▒··▒
▒··▒▒ ▒ ▒··▒▒ ▒▒·▒▒
▒··▒ ▒▒·▒▒
▒▒··▒▒▒▒▒▒▒··▒
▒▒▒···········▒▒
▒▒··▒▒▒▒▒▒▒···▒▒


You could see a crocodile.

Vanquished Creatures
  A deep elf mage (D:7)
  A troll (D:6)
  Prince Ribbit (D:7)
  2 hornets (D:7)
  2 hippogriffs (D:7)
  Sigmund (D:4)
  2 hungry ghosts (D:7)
  A water moccasin (D:7)
  Duvessa (D:4)
  A phantom (D:6)
  A black bear (D:7)
  A sky beast (D:6)
  4 orc warriors
  3 ogres
  5 centaurs
  A crocodile (D:7)
  A big kobold (D:7)
  2 bullfrogs (D:7)
  Dowan (D:4)
  2 scorpions
  4 wights (D:6)
  6 crimson imps
  4 howler monkeys
  A quasit (D:7)
  3 hounds
  2 jellies
  9 orc wizards
  2 orc priests
  2 bullfrog skeletons
  A centaur skeleton (D:4)
  Jessica (D:2)
  2 iguanas
  3 worker ants
  A hound skeleton (D:6)
  Robin (D:2)
  4 gnolls
  A worker ant zombie (D:5)
  10 adders
  A shadow imp (D:7)
  An ooze (D:2)
  An adder zombie (D:4)
  2 adder skeletons
  3 worms
  2 dart slugs
  8 leopard geckos
  30 orcs
  4 ball pythons
  4 giant cockroaches
  9 hobgoblins
  10 jackals
  2 quokkas
  5 bats
  5 frilled lizards
  17 goblins
  11 kobolds
  A quokka skeleton (D:5)
  8 rats
215 creatures vanquished.

Vanquished Creatures (others)
  A goblin (D:2)
1 creature vanquished.

Grand Total: 216 creatures vanquished

Notes
Turn   | Place    | Note
-------+----------+-------------------------------------------
     0 | D:1      | Azzok the Formicid Fighter began the quest for the Orb.
     0 | D:1      | Reached XP level 1. HP: 18/18 MP: 1/1
   280 | D:1      | Reached XP level 2. HP: 24/24 MP: 2/2
   409 | D:1      | Reached XP level 3. HP: 29/29 MP: 3/3
   520 | D:2      | Reached skill level 3 in Axes
   534 | D:2      | Found a shimmering altar of Xom.
   536 | D:2      | Noticed Robin
   555 | D:2      | Reached XP level 4. HP: 26/35 MP: 4/4
   576 | D:2      | Killed Robin
   708 | D:2      | Noticed a +0 hand axe
   709 | D:2      | Noticed a +0 hand axe
   791 | D:2      | Reached skill level 5 in Shields
   934 | D:2      | Found a radiant altar of Vehumet.
  1008 | D:2      | Reached XP level 5. HP: 37/41 MP: 5/5
  1035 | D:2      | Reached skill level 4 in Axes
  1044 | D:2      | HP: 2/41 [poisoned by an adder]
  1052 | D:2      | HP: 1/41 [poisoned by an adder]
  1381 | D:2      | Noticed Jessica
  1388 | D:2      | Killed Jessica
  1637 | D:2      | Reached XP level 6. HP: 47/47 MP: 6/6
  2042 | D:2      | Found a hide-covered altar of Uskayaw.
  2516 | D:3      | Found a bloodstained altar of Trog.
  2636 | D:3      | Found a shattered altar of Ashenzari.
  2867 | D:3      | Found a sparkling altar of Nemelex Xobeh.
  2966 | D:4      | Noticed an ogre
  2990 | D:4      | Killed an ogre
  2990 | D:4      | Reached skill level 5 in Axes
  2990 | D:4      | Reached XP level 7. HP: 10/52 MP: 7/7
  3406 | D:4      | Noticed Sigmund
  3687 | D:4      | Killed Sigmund
  3843 | D:4      | Found a hazy altar of Hepliaklqana.
  3859 | D:4      | Identified the cursed +0 glaive "Motzorch" {chop, rPois
                  | Stlth+}
  3919 | D:4      | Reached skill level 6 in Axes
  4010 | D:4      | Found a snail-covered altar of Cheibriados.
  4106 | D:4      | Noticed Duvessa
  4138 | D:4      | Killed Duvessa
  4138 | D:4      | Reached XP level 8. HP: 38/58 MP: 8/8
  4140 | D:4      | Noticed Dowan
  4340 | D:4      | Killed Dowan
  4874 | D:5      | Entered Level 5 of the Dungeon
  5254 | D:5      | Reached skill level 7 in Axes
  5385 | D:5      | Found a staircase to the Ecumenical Temple.
  5391 | Temple   | Entered the Ecumenical Temple
  6240 | D:6      | Reached XP level 9. HP: 42/64 MP: 9/9
  6280 | D:6      | Found a glowing golden altar of the Shining One.
  6577 | D:6      | Reached skill level 5 in Armour
  6580 | D:6      | Reached skill level 8 in Axes
  6767 | D:6      | Noticed a troll
  6780 | D:6      | Killed a troll
  6780 | D:6      | Reached skill level 9 in Axes
  7016 | D:7      | Found a transporter.
  7020 | D:7      | Noticed Ijustatesigmund's ghost (novice OgAr)
  7022 | D:7      | Found a transporter.
  7071 | D:7      | Noticed Prince Ribbit
  7090 | D:7      | Killed Prince Ribbit
  7090 | D:7      | Reached skill level 10 in Axes
  7120 | D:7      | Found a sacrificial altar of Ru.
  7272 | D:7      | Noticed a deep elf mage
  7295 | D:7      | Reached XP level 10. HP: 59/70 MP: 10/10
  7464 | D:7      | Killed a deep elf mage
  7464 | D:7      | Reached skill level 11 in Axes
  7639 | D:7      | Reached skill level 12 in Axes
  7788 | D:7      | Reached skill level 1 in Evocations
  8257 | D:7      | Found a blossoming altar of Fedhas.
  8532 | D:8      | Found Plog's Food Shoppe.
  8667 | D:7      | Reached XP level 11. HP: 5/75 MP: 12/14
  8669 | D:7      | HP: 3/75 [poisoned by a hornet]
  8673 | D:7      | HP: 1/75 [poisoned by a hornet]
  8676 | D:7      | Succumbed to a hornet's poison

Levels and vault maps discovered:
D:1:      sevenhm_arrival_forest_fort_small_6, layout_rooms
D:2:      minmay_alternating_diamond, layout_loops_ring, lemuel_crystal_altar,
          old_standard_altar, dancing_weapons_uskayaw, uniq_jessica, uniq_robin
D:3:      layout_basic, lemuel_coloured_pillars_altar, old_standard_altar,
          trog_butcher_becter
D:4:      layout_cave_pods, nicolae_overflow_crystal_walls,
          nicolae_overflow_hidden_temple, first_ration, uniq_sigmund,
          uniq_duvessa
D:5:      layout_basic, minmay_temple_entry_hall, minivault_24, minmay_circle_x
D:6:      layout_basic, old_standard_altar, kennysheep_generic_room_8
D:7:      minmay_the_grid_four_pointed_star
          [minmay_the_grid_triangle_9x9_sparse_checkered,
          minmay_the_grid_triangle_9x9_steps,
          minmay_the_grid_triangle_9x9_limited_checkers,
          minmay_the_grid_triangle_9x9_alien, minmay_the_grid_prize_big_room],
          layout_cave_pods, nicolae_ru_the_path_less_chosen,
          gammafunk_ghost_mausoleum, fedhas_ov_isle_minmay, uniq_prince_ribbit1
D:8:      layout_rooms, grunt_qazlal_sundering, serial_shops, shop
Temple:   zaba_magenta_temple

Skill      XL: |  1  2  3  4  5  6  7  8  9 10 |
---------------+-------------------------------+-----
Shields        | 4 5 6 8 9 |  9.0
Axes           | 3 4 5 6 7 10 12 | 12.7
Armour         | 4 5 |  5.0
Evocations     | 4 |  4.2
Fighting       | |  3.2

Action                   |  1- 3 |  4- 6 |  7- 9 | 10-12 || total
-------------------------+-------+-------+-------+-------++-------
Melee: War axe           |    72 |   217 |   246 |   191 ||   726
       Rapier            |       |       |    89 |    32 ||   121
  Use: Scroll            |       |     3 |     1 |       ||     4
       Potion            |       |       |     1 |     6 ||     7
  Eat: Chunk             |       |     7 |    11 |     7 ||    25
       Ration            |       |       |     1 |     1 ||     2
Armor: Scale mail        |    29 |    58 |    47 |       ||   134
       Plate armour      |       |       |    56 |   145 ||   201
Dodge: Dodged            |    19 |    66 |    77 |    68 ||   230
Block: Shield            |    45 |   124 |   185 |   160 ||   514

Table legend:
 A = Non-vault XP
 B = Vault XP
 C = Vault XP percentage of total XP
 D = Non-vault monster count
 E = Vault monster count
 F = Vault count percentage of total count
                 A         B        C        D         E       F
            +---------+---------+-------+---------+---------+-------
      Total |    4738 |    3091 |  39.5 |     171 |      44 |  20.5
            +---------+---------+-------+---------+---------+-------
        D:1 |      43 |       0 |   0.0 |      19 |       0 |   0.0
        D:2 |     176 |      81 |  31.5 |      33 |      17 |  34.0
        D:3 |     202 |       9 |   4.3 |      24 |       4 |  14.3
        D:4 |     322 |     514 |  61.5 |      16 |       4 |  20.0
        D:5 |     484 |     125 |  20.5 |      15 |       2 |  11.8
        D:6 |    1250 |      93 |   6.9 |      25 |       2 |   7.4
        D:7 |    2102 |    2269 |  51.9 |      36 |      15 |  29.4
        D:8 |     159 |       0 |   0.0 |       3 |       0 |   0.0
            +---------+---------+-------+---------+---------+-------
